 Dungeon Crawl Stone Soup version 0.29.0-11-gd7f09526c8 (webtiles) character file.

Game seed: 1524470324739848512

277 SensoryNuts the Slasher (level 6, -5/52 HPs)
             Began as a Draconian Fighter on Sept 2, 2022.
             Killed from afar by Dowan (22 damage)
             ... with a stone arrow
             ... on level 5 of the Dungeon.
             The game lasted 00:02:56 (4168 turns).

SensoryNuts the Slasher (Draconian Fighter)         Turns: 4168, Time: 00:02:57

Health: -5/52      AC:  7    Str: 18    XL:     6   Next: 4%
Magic:  6/6        EV: 12    Int:  8    God:
Gold:   209        SH:  5    Dex: 13    Spells: 5/5 levels left

rFire   . . .      SeeInvis +   a - +0 long sword
rCold   . . .      Faith    .   b - +0 buckler
rNeg    . . .      Spirit   .   (body armour unavailable)
rPois   .          Reflect  .   (helmet restricted)
rElec   .          Harm     .   (no cloak)
rCorr   .          Rampage  .   (no gloves)
Will    .....                   m - +0 pair of boots
Stlth   ++........              (no amulet)
HPRegen 0.17/turn               i - ring of see invisible
MPRegen 0.10/turn               (no ring)

@: mighty
A: AC +6, unfitting armour, cold-blooded
a: no special abilities


You were on level 5 of the Dungeon.
You visited 1 branch of the dungeon, and saw 5 of its levels.

You collected 209 gold pieces.

Inventory:

Hand Weapons
 a - a +0 long sword (weapon)
Armour
 b - a +0 buckler (worn)
 m - a +0 pair of boots (worn)
Jewellery
 i - a ring of see invisible (left hand)
Wands
 j - a wand of acid (2)
Potions
 d - 2 potions of attraction
 e - a potion of curing
 f - a potion of mutation {unknown}
 g - a potion of ambrosia {unknown}
 h - a potion of berserk rage {unknown}
 k - 2 potions of brilliance {unknown}
 l - a potion of heal wounds {unknown}
 n - a potion of haste {unknown}
 o - a potion of resistance {unknown}


   Skills:
 + Level 4.0 Fighting
 * Level 4.8 Long Blades
 + Level 3.3 Dodging
 + Level 1.2 Stealth
 + Level 3.7 Shields


You had 5 spell levels left.
You didn't know any spells.
Your spell library contained the following spells:

 Spells                   Type           Power      Damage    Failure   Level
 Beastly Appendage        Tmut           0%         N/A       50%         1
 Sandblast                Erth           0%         2d4       50%         1
 Passwall                 Tmut/Erth      0%         N/A       65%         2
 Wereblood                Tmut           0%         N/A       65%         2
 Spider Form              Tmut/Pois      0%         N/A       86%         3
 Stone Arrow              Conj/Erth      0%         3d7       86%         3
 Animate Dead             Necr           0%         N/A       99%         4
 Borgnjor's Vile Clutch   Necr/Erth      0%         N/A       100%        5
 Death Channel            Necr           0%         N/A       100%        6


Dungeon Overview and Level Annotations

Branches:
Dungeon (5/15)
 Temple: D:4-7

Altars:
Ru

Shops:
D:3 *

Annotations:
D:5 Dowan


Innate Abilities, Weirdness & Mutations

Your plain brown scales are hard. (AC +6)
You cannot fit into any form of body armour.
You are cold-blooded and may be slowed by cold attacks.


Message History

Dowan is severely wounded.
Dowan casts a spell.
Dowan blinks!
You hit Duvessa but do no damage. You block Duvessa's attack.
Duvessa hits you with a +0 rapier.
You hit Duvessa.
Duvessa is lightly wounded.
Duvessa hits you but does no damage.
You miss Dowan.
Dowan is heavily wounded.
Duvessa hits you with a +0 rapier. Dowan hits you with a +0 dagger.
Unknown command.
You hit Duvessa but do no damage.
Duvessa is lightly wounded.
Duvessa says, "I don't care about looks, I care about technique!"
You block Duvessa's attack. Dowan hits you with a +0 dagger.
You slash Duvessa! You tail-slap Duvessa.
Duvessa is heavily wounded.
Duvessa hits you with a +0 rapier. Dowan barely misses you.
You slash Duvessa!
Duvessa is heavily wounded.
Duvessa hits you with a +0 rapier. Dowan gestures at you while chanting.
The puff of flame hits you. Duvessa misses you. Dowan barely misses you.
You barely miss Duvessa.
Duvessa is heavily wounded.
Duvessa hits you with a +0 rapier. Dowan gestures at you while chanting.
The puff of frost hits you.
You feel very mighty all of a sudden. Duvessa closely misses you.
Dowan barely misses you.
You slash Duvessa! You tail-slap Duvessa.
You kill Duvessa!
Dowan screams, "No!
Oh no!"
Dowan seems to find hidden reserves of power!
Dowan barely misses you.
An ogre comes into view. It is wielding a +0 giant spiked club.
Dowan casts a spell at you. The stone arrow hits you!!
You die...

### ######...
####........
...........
#..........
#####...........
.......)........
.......@e.......
........####....
............#
.....###....#
..... +....#
.... #....# ...
###....###. ..O
+..........
###<.......


You could see an ogre (wandering) and Dowan (fast).

Vanquished Creatures
  Sigmund (D:3)
  Duvessa (D:5)
  5 adders
  3 worms
  A dart slug (D:4)
  3 orcs (D:3)
  7 endoplasms
  3 giant cockroaches
  3 hobgoblins
  3 jackals (D:1)
  A quokka (D:2)
  5 ball pythons
  8 bats
  A frilled lizard (D:1)
  9 goblins
  9 kobolds
  9 rats
72 creatures vanquished.

Notes
Turn   | Place    | Note
-------+----------+-------------------------------------------
     0 | D:1      | SensoryNuts the Draconian Fighter began the quest for the
                  | Orb.
     0 | D:1      | Reached XP level 1. HP: 19/19 MP: 1/1
   386 | D:1      | Reached XP level 2. HP: 26/26 MP: 2/2
   943 | D:1      | Reached XP level 3. HP: 18/31 MP: 3/3
  1571 | D:2      | Found a faded altar of an unknown god.
  1968 | D:2      | Found a sacrificial altar of Ru.
  2131 | D:2      | Reached XP level 4. HP: 40/40 MP: 4/4
  2794 | D:3      | Found Isi Furi's General Store.
  2794 | D:3      | Noticed Sigmund
  2802 | D:3      | Killed Sigmund
  2803 | D:3      | Reached skill level 1 in Stealth
  2803 | D:3      | Reached XP level 5. HP: 39/46 MP: 5/5
  3581 | D:4      | Reached XP level 6. HP: 34/52 MP: 6/6
  4146 | D:5      | Entered Level 5 of the Dungeon
  4147 | D:5      | Noticed Dowan
  4150 | D:5      | Noticed Duvessa
  4168 | D:5      | Killed Duvessa
  4168 | D:5      | Killed from afar by Dowan

Illustrated notes

Levels and vault maps discovered:
D:1:      dpeg_arrival_rooms_a, layout_basic
D:2:      layout_loops_corners, basic_altar, basic_ecumenical_altar
D:3:      layout_basic, serial_glass, glass_columns_a, glass_columns_a,
          due_unseen_surprise, item_on_display_a, item_on_display_a,
          minmay_strange_pillars, serial_shops, nicolae_diamond_shop,
          uniq_sigmund
D:4:      layout_basic
D:5:      layout_basic, uniq_duvessa

Skill      XL: |  1  2  3  4 |
---------------+-------------+-----
Dodging        | 3 |  3.3
Long Blades    | 3 4 |  4.8
Fighting       | 4 |  4.0
Stealth        | 1 |  1.2
Shields        | |  3.7

Action                   |  1- 3 |  4- 6 || total
-------------------------+-------+-------++-------
Melee: Long sword        |   125 |   107 ||   232
       Tailslap          |    17 |     9 ||    26
  Use: Scroll            |     1 |     5 ||     6
       Potion            |       |     2 ||     2
 Stab: Sleeping          |     3 |     1 ||     4
Armor: Skin              |    50 |    29 ||    79
Dodge: Dodged            |    95 |    57 ||   152
Block: Buckler           |    36 |    38 ||    74
